AoeStats
← 小叶锤你脑瓜

Arabia

509033564Analyzed
1v1 RM · 8d ago on Sep 25, 2026· 21m 49s· 2 players
Game mode
Random Map
Map size
Tiny (2 player)
Population
200
Speed
Normal
Resources
Standard
Victory
Conquest
Starting age
Dark Age
Ending age
Imperial Age
RankedLock teamsTeams togetherTeam positionsShared explorationLock speedFull tech treeHidden civsTurbo modeCheats
Victory
Defeat
🇨🇳 Saracens · China
952
+16
🇨🇦 Saxons · Canada
961
-16
小叶锤你脑瓜
10:49 Feudal Age
14:58 Double-Bit Axe
18:59 Castle Age
20:10 Crossbowman
Psilo
8:13 Loom
10:53 Feudal Age
11:50 Double-Bit Axe
11:52 Horse Collar
12:31 Man-at-Arms
14:09 Arson
23:33 Castle Age
Connection lost

Rejoining the realm…

Still unreachable

The connection could not be restored.

Session expired

The server has moved on; the page needs a fresh start.